Cogmind - Beta 10.2 @@@ ROGUE MODE // 2021.03.28 @ 19:01:59 Player: ChromeKnight Result: Destroyed by G-47 Trooper with Particle Gun Performance ------------- Evolutions (0) 0 Regions Visited (4) 800 Robots Destroyed (22) 110 Value Destroyed (504) 504 Prototype IDs (23) 460 Alien Tech Used (0) 0 Bonus (300) 300 TOTAL SCORE: 2174 Bonus ------- Aligned with FarCom 300 Cogmind --------- Core Integrity 0/250 Matter 289/300 Energy 100/100 System Corruption 0% Temperature Cool (15) Movement Walking (120) Location -9/Mines Parts ------- > --- POWER (1) -------- (None) > --- PROPULSION (2) --- Aluminum Leg Aluminum Leg > --- UTILITY (2) ------ Small Storage Unit Targeting Computer > --- WEAPON (2) ------- Light Assault Rifle > --- INVENTORY (6) ---- Aluminum Leg Aluminum Leg Lightpack 2.0 Large Battery (300) Improved Signal Interpreter Peak State ------------ > --- POWER ------------ Light Nuclear Core > --- PROPULSION ------- Aluminum Leg Aluminum Leg > --- UTILITY ---------- Small Storage Unit Targeting Computer > --- WEAPON ----------- EM Shotgun Particle Gun > --- INVENTORY -------- Aluminum Leg Aluminum Leg Lightpack 2.0 Large Battery Improved Signal Interpreter [Rating: 13] Favorites ----------- Power Ion Engine Engine Ion Engine Power Core Light Nuclear Core Propulsion Aluminum Leg Leg Aluminum Leg Utility Small Storage Unit Storage Small Storage Unit Processor Targeting Computer Weapon EM Shotgun Energy Gun EM Shotgun Ballistic Gun Light Assault Rifle Ballistic Cannon Light Cannon Launcher Grenade Launcher Build | -11 -10 -10 -10 -9 ------- Run | Scr Mat Min Exi Min Slots Evolved . | . . . . . Power . | . . . . . Propulsion . | . . . . . Utility . | . . . . . Weapon . | . . . . . Parts Attached 20 | 6 5 3 . 6 Power 2 | 1 . . . 1 Engine 1 | 1 . . . . Core 1 | . . . . 1 Reactor . | . . . . . Propulsion 5 | 2 . 2 . 1 Treads . | . . . . . Leg 5 | 2 . 2 . 1 Wheel . | . . . . . Hover . | . . . . . Flight . | . . . . . Utility 2 | 1 1 . . . Device . | . . . . . Storage 1 | 1 . . . . Processor 1 | . 1 . . . Hackware . | . . . . . Protection . | . . . . . Artifact . | . . . . . Weapon 11 | 2 4 1 . 4 Energy Gun 5 | . 2 1 . 2 Energy Cannon . | . . . . . Ballistic Gun 3 | 2 . . . 1 Ballistic Cannon 2 | . 2 . . . Launcher 1 | . . . . 1 Special Weapon . | . . . . . Impact Weapon . | . . . . . Slashing Weapon . | . . . . . Piercing Weapon . | . . . . . Special Melee Weapon . | . . . . . Unidentified Prototypes . | . . . . . Parts Lost 7 | . 1 1 . 5 Power 2 | . . 1 . 1 Propulsion . | . . . . . Utility . | . . . . . Weapon 5 | . 1 . . 4 Highest Loss Streak 2 | . 1 1 . 2 Average Slot Usage (%) 91 | . 96 85 85 90 Engine 7 | . 14 . . . Core 1 | . . . . 11 Leg 28 | . 28 28 28 28 Storage 14 | . 14 14 14 14 Processor 12 | . 11 14 14 14 Energy Gun 15 | . 7 28 28 14 Ballistic Gun 3 | . 5 . . 7 Ballistic Cannon 7 | . 14 . . . Naked Turns . | . . . . . Heaviest Build 15 | 12 15 10 10 15 Greatest Support 20 | 20 20 20 20 20 Greatest Overweight (x) . | . . . . . Average Overweight (x) . | . . . . . Largest Inventory Capacity 6 | 6 6 6 6 6 Average Capacity 5 | 5 6 6 6 6 Most Carried 6 | 1 6 6 6 6 Average Carried 4 | . 3 5 5 5 Final Capacity 6 | 6 6 6 6 6 Final Carried 6 | 1 4 6 6 6 Class Distribution -------------------- 87% | Mutant 12% | Scavenger-Mutant Dominant Class ---------------- Mutant | -10/Materials Mutant | -10/Mines Mutant | -10/Exiles Scavenger-Mutant | -9/Mines Resources | -11 -10 -10 -10 -9 ----------- Run | Scr Mat Min Exi Min Matter Collected 510 | 195 230 25 . 60 Remotely . | . . . . . Salvage Created 585 | . 337 121 . 127 Parts 41 | . 21 7 . 13 Haulers Intercepted 1 | . 1 . . . Recyclers Shooed 1 | . . 1 . . Parts Field Recycled . | . . . . . Retrieved Matter . | . . . . . Parts Self-Destructed . | . . . . . Prevented . | . . . . . Kills | -11 -10 -10 -10 -9 ------- Run | Scr Mat Min Exi Min Combat Hostiles Destroyed 17 | . 9 2 . 6 Guns 8 | . 3 2 . 3 Cannons 6 | . 6 . . . AOE 3 | . . . . 3 Classes Destroyed 6 | . 5 1 . . Worker 1 | . 1 . . . Tunneler 1 | . . 1 . . Hauler 1 | . 1 . . . Operator 2 | . 2 . . . Swarmer 7 | . 3 . . 4 Grunt 10 | . 6 2 . 2 Best Kill Streak 5 | . 5 2 . 4 Combat Bots Only 4 | . 3 2 . 4 Max Kills in Single Turn 3 | . 2 1 . 3 Gunslinging . | . . . . . Exploded 3 | . . . . 3 Melee . | . . . . . Uniques/NPCs Destroyed . | . . . . . Combat | -11 -10 -10 -10 -9 -------- Run | Scr Mat Min Exi Min Damage Taken 983 | . 249 209 . 525 Core 265 | . 50 46 . 169 Absorbed by Shields . | . . . . . Core Remaining (%) 100 | 100 . . . . Volleys Fired 62 | . 28 9 . 25 Largest 2 | . 2 2 . 2 Hottest 95 | . 90 90 . 95 Shots Fired 98 | . 51 18 . 29 Gun 67 | . 21 18 . 28 Cannon 30 | . 30 . . . Launcher 1 | . . . . 1 Special . | . . . . . Kinetic 43 | . 30 . . 13 Thermal 6 | . . . . 6 Explosive 1 | . . . . 1 Electromagnetic 48 | . 21 18 . 9 Robot Hit Streak 15 | . 15 11 . 11 Robot Miss Streak 2 | . 2 2 . 1 Penetration Max . | . . . . . Secondary Targets 2 | . 1 1 . . Max Gunslinging Chain 1 | . 1 1 . . Shots Hit Robots 79 | . 39 15 . 25 Core Hits 42 | . 18 8 . 16 Critical Hits 1 | . 1 . . . Critical Kills 1 | . 1 . . . Critical Parts Destroyed . | . . . . . Melee Attacks . | . . . . . Impact . | . . . . . Slashing . | . . . . . Piercing . | . . . . . Sneak Attacks . | . . . . . Combat Hostiles . | . . . . . Follow-up Attacks . | . . . . . Damage Inflicted 1275 | . 623 209 . 443 Guns 699 | . 206 209 . 284 Cannons 417 | . 417 . . . Explosions 154 | . . . . 154 Melee . | . . . . . Ramming 5 | . . . . 5 Kinetic 512 | . 417 . . 95 Thermal 68 | . . . . 68 Explosive 154 | . . . . 154 Electromagnetic 536 | . 206 209 . 121 Impact . | . . . . . Slashing . | . . . . . Piercing . | . . . . . Highest Corruption . | . . . . . Average Corruption . | . . . . . Corruption Purged . | . . . . . Overload Shots . | . . . . . Overflow Damage 17 | . 17 . . . Projectiles 17 | . 17 . . . Explosions . | . . . . . Melee . | . . . . . Knockbacks 5 | . 5 . . . Impact . | . . . . . Kinetic 5 | . 5 . . . Secondary . | . . . . . Self-Inflicted Damage . | . . . . . Shots . | . . . . . Rammed . | . . . . . Targets Rammed 1 | . . . . 1 Kicked 1 | . . . . 1 Crushed . | . . . . . Highest Temperature 202 | . 200 202 . 123 Average Temperature 60 | . 55 95 . 46 Received Heat Transfer 396 | . 51 120 . 225 Siege Activations . | . . . . . Robots Corrupted . | . . . . . Combat Hostiles . | . . . . . Parts Fried 3 | . 2 1 . . Impact Corruptions . | . . . . . Robots Melted . | . . . . . Combat Hostiles . | . . . . . Parts Melted . | . . . . . Heat Transferred 148 | . . . . 148 Parts Sabotaged . | . . . . . Parts Stolen . | . . . . . Parts Stripped . | . . . . . Power Chain Reactions . | . . . . . Missiles Intercepted . | . . . . . Alert | -11 -10 -10 -10 -9 ------- Run | Scr Mat Min Exi Min Peak Influence 210 | . 210 92 . 130 Initial 47 | . . 47 . . Average 67 | . 64 83 . 91 Maximum Alert Level 1 | . 1 . . . Low Security (%) 97 | 100 95 100 . 100 Level 1 2 | . 4 . . . Level 2 . | . . . . . Level 3 . | . . . . . Level 4 . | . . . . . Level 5 . | . . . . . High Security . | . . . . . Max Security . | . . . . . Squads Dispatched 1 | . 1 . . . Investigation . | . . . . . Extermination . | . . . . . Reinforcement 1 | . 1 . . . Assault . | . . . . . Garrison . | . . . . . Intercept . | . . . . . Construction Impeded . | . . . . . Haulers Reinforced . | . . . . . Stealth | -11 -10 -10 -10 -9 --------- Run | Scr Mat Min Exi Min Distress Signals 1 | . 1 . . . Communications Jammed . | . . . . . Distress Signals . | . . . . . Times Spotted 31 | . 21 2 . 8 Peak Tracking Total 4 | . 4 2 . 4 Tactical Retreats 2 | . 2 . . . Traps | -11 -10 -10 -10 -9 ------- Run | Scr Mat Min Exi Min Traps Triggered . | . . . . . Indirectly . | . . . . . Trap Hack Attempts . | . . . . . Triggered . | . . . . . Disarmed . | . . . . . Reprogrammed . | . . . . . Reused . | . . . . . Traps Extracted . | . . . . . Installed . | . . . . . Triggered . | . . . . . Machines | -11 -10 -10 -10 -9 ---------- Run | Scr Mat Min Exi Min Machines Disabled . | . . . . . Max in Single Turn . | . . . . . Machines Sabotaged . | . . . . . Garrisons Compromised . | . . . . . Overloaded Fab Kills . | . . . . . Fab Network Shutdowns . | . . . . . Hacking | -11 -10 -10 -10 -9 --------- Run | Scr Mat Min Exi Min Machines Accessed 2 | . 1 . 1 . Terminals 1 | . 1 . . . Fabricators . | . . . . . Repair Stations . | . . . . . Recycling Units . | . . . . . Scanalyzers . | . . . . . Garrison Access . | . . . . . Total Hacks 2 | . 1 . 1 . Successful 2 | . 1 . 1 . Failed . | . . . . . Catastrophic . | . . . . . Database Lockouts . | . . . . . Manual 1 | . . . 1 . Terminals 1 | . 1 . . . Fabricators . | . . . . . Repair Stations . | . . . . . Recycling Units . | . . . . . Scanalyzers . | . . . . . Garrison Access . | . . . . . Terminal Hacks 2 | . 1 . 1 . Zone Layout 1 | . 1 . . . EX-Prototype ID Bank 1 | . . . 1 . Fabricator Hacks . | . . . . . Repair Station Hacks . | . . . . . Recycling Unit Hacks . | . . . . . Scanalyzer . | . . . . . Garrison Access Hacks . | . . . . . Unauthorized Hacks . | . . . . . Terminals . | . . . . . Fabricators . | . . . . . Repair Stations . | . . . . . Recycling Units . | . . . . . Scanalyzers . | . . . . . Garrison Access . | . . . . . Data Cores Recovered 1 | . 1 . . . Used 1 | . 1 . . . Hacking Detections . | . . . . . Full Trace Events . | . . . . . Feedback Events . | . . . . . Feedback Blocked . | . . . . . Robot Schematics Acquired . | . . . . . Robots Built . | . . . . . Matter . | . . . . . Time . | . . . . . Total Robot Build Rating . | . . . . . Part Schematics Acquired . | . . . . . Parts Built . | . . . . . Matter . | . . . . . Time . | . . . . . Total Part Build Rating . | . . . . . Parts Repaired . | . . . . . Time . | . . . . . Parts Recycled . | . . . . . Recycled Matter . | . . . . . Retrieved Matter . | . . . . . Retrieved Components . | . . . . . Parts Scanalyzed . | . . . . . Part Schematics Acquired . | . . . . . Parts Damaged . | . . . . . Bothacking | -11 -10 -10 -10 -9 ------------ Run | Scr Mat Min Exi Min Used RIF Installer . | . . . . . Robots Hacked . | . . . . . Non-combat . | . . . . . Combat . | . . . . . Robot Hacks Applied . | . . . . . Relay Couplers Released . | . . . . . Robots Rewired . | . . . . . Allies Hacked . | . . . . . Hacks Repelled . | . . . . . Allies | -11 -10 -10 -10 -9 -------- Run | Scr Mat Min Exi Min Total Allies . | . . . . . Largest Group . | . . . . . Highest-Rated Group . | . . . . . Highest-Rated Ally . | . . . . . Total Orders . | . . . . . Ally Attacks . | . . . . . Total Damage . | . . . . . Kills . | . . . . . Allies Corrupted . | . . . . . Allies Melted . | . . . . . Intel | -11 -10 -10 -10 -9 ------- Run | Scr Mat Min Exi Min Robot Analysis Total . | . . . . . Derelict Logs Recovered 1 | . . . . 1 Drone Launches . | . . . . . Drone Recoveries . | . . . . . Exploration | -11 -10 -10 -10 -9 ------------- Run | Scr Mat Min Exi Min Turns Passed 1390 | 90 643 201 263 193 Spaces Moved 847 | 70 334 123 218 102 Core 5 | 5 . . . . Treads . | . . . . . Legs 842 | 65 334 123 218 102 Wheels . | . . . . . Hover . | . . . . . Flight . | . . . . . Fastest Speed 50 | 50 120 120 120 120 Average Speed 119 | 115 120 120 120 120 Slowest Speed 120 | 120 120 120 120 120 Overloaded Moves . | . . . . . Propulsion Burnouts . | . . . . . Robots Hopped . | . . . . . Cave-ins Triggered . | . . . . . Exploration Rate (%) 35 | 5 50 30 61 33 Regions Visited 4 Branch Regions 3 Pre-discovered Areas . | . . . . . Known Exits Taken . | . . . . . Unknown Exits Taken 4 | 1 1 1 1 . Scrap Searched . | . . . . . Spaces Dug . | . . . . . Terrain Destroyed 6 | . . . . 6 Melee . | . . . . . Projectile . | . . . . . AOE 6 | . . . . 6 Terrain Rammed . | . . . . . Walls Destroyed . | . . . . . Machines Disabled . | . . . . . Actions | -11 -10 -10 -10 -9 --------- Run | Scr Mat Min Exi Min Total 1125 | 76 526 159 220 144 Wait 178 | . 147 22 . 9 Move 843 | 69 333 122 217 102 Hop . | . . . . . Pick Up 10 | 1 6 2 1 . Fast Attach 15 | 6 5 . . 4 Attach 2 | . . 1 . 1 Detach . | . . . . . Swap 3 | . . 2 . 1 Drop 11 | . 7 1 2 1 Fire 62 | . 28 9 . 25 Melee . | . . . . . Ram . | . . . . . Kick 1 | . . . . 1 Crush . | . . . . . Escape Stasis . | . . . . . Rewire . | . . . . . Trap . | . . . . . Miscellaneous . | . . . . . Route ------- -11/Scrapyard -10/Materials (discovered 2 exits: [*Mat] / [*Min]) -10/Mines -10/Exiles -9/Mines (discovered 1 exit: Mat) History --------- Turn | Location | Event 14 | -11/Scrapyard | Discovered new exit (range 15) 91 | -11/Scrapyard | Entered Materials 318 | -10/Materials | Build established: Mutant 516 | -10/Materials | Discovered new exit (range 12) 717 | -10/Materials | Discovered new exit (range 11) 734 | -10/Materials | Entered Mines 929 | -10/Mines | Deemed a non-threat by the Exiles lab entrance 931 | -10/Mines | Discovered new exit (range 5) 935 | -10/Mines | Entered Exiles 965 | -10/Exiles | Met 8R-AWN 986 | -10/Exiles | Met EX-HEX 1018 | -10/Exiles | Met EX-BIN 1036 | -10/Exiles | Aligned with FarCom system 1037 | -10/Exiles | Given EX-Vault access code 1066 | -10/Exiles | Opened EX-Vault 1082 | -10/Exiles | Found Lightpack 2.0 1105 | -10/Exiles | Warned to stay clear of 0b10 Research branches 1144 | -10/Exiles | Met EX-DEC 1185 | -10/Exiles | Discovered new exit (range 14) 1198 | -10/Exiles | Left Exiles lab with Lightpack 2.0 1198 | -10/Exiles | Entered Mines 1213 | -9/Mines | Core integrity fell below 50% 1300 | -9/Mines | Identified exit to Materials 1368 | -9/Mines | Core integrity fell below 20% 1391 | -9/Mines | Destroyed by G-47 Trooper with Particle Gun Last Messages --------------- 01221_ G-34 Mercenary destroyed. 01231_ Acquired Particle Gun. 01233_ Acquired 40 matter. 01269_ EM Shotgun destroyed. 01272_ Acquired Grenade Launcher. 01274_ S-10 Pest destroyed. 01283_ Dropped Grenade Launcher. 01285_ Acquired 3 matter. 01289_ Acquired 11 matter. 01290_ Acquired 6 matter. 01294_ Acquired Lgt. Assault Rifle. 01300_ Acquired derelict log, extracted data. 01322_ U-05 Engineer builds a Wall. 01337_ Kicked R-06 Scavenger out of the way. 01363_ K-01 Serf collects debris. 01369_ Particle Gun destroyed. 01373_ K-01 Serf collects debris. 01379_ Lgt. Nuclear Core destroyed. 01380_ K-01 Serf collects debris. 01391_ K-01 Serf cleans the Core Extractor. Map ----- +----------------------------------------------------+ | | | | | | | ?????????????????????????????????????????????????? | | ?????????????????????????????????????????????????? | | ?????????????????????????????????????????????????? | | ?????????????????????????????????????????????????? | | ?????????????????????????????????????????????????? | | ?????????????????????????????????????????????????? | | ?????????????????????????????????????????????????? | | ?????????????????????????????????????????????????? | | ????????? ??????????????????????????????????????? | | ????????? ?????????????????????????????????????? | | ????????? ?????????????????????????????????????? | | ?????????# ?????????????????????????????????????? | | ?????????# ?????????????????????????????????????? | | ?????????? ?????????????????????????????????????? | | ?????????? ###??????????????????????????????????? | | ??????????? #?????????????? ? ????????????????? | | ??????????? g #????????????? ???????????????? | | ???????????#g #?????????????"" ""????????????????? | | ???????????# #????????????""" """???????????????? | | ??????#??### #????????????"""k"""???????????????? | | ??????# ## ##?????????? ???????????????? | | ??????# ###########g""" ""????????????????? | | ?????????# k @ """ ""????????????????? | | ?????????## # ######## """ ""????????????????? | | ??????????## ## #??????? g ???????????????? | | ???????????# ### #????????#######???????????????? | | ???????????# #?# #??????????????????????????????? | | ???????????# #?# #??????????????????????????????? | | ??????????## #?# ??????????????????????????????? | | ?????????## #?###??????????????????????????????? | | ?????????# ##?????????????????????????????????? | | ?????????# ##????????????????????????????????? | | ?????????## ##???????????????????????????????? | | ??????????### #???????????s???????????????????? | | ????????????## ##??????????????????????????????? | | ?????????????## #?????????s????????????????????? | | ?????????????## #?????????s????????????????????? | | ????????????## ##?????????????????????????????? | | ???????????## #?????????????????????????????? | | ???????????# #?????????????????????????????? | | ??????????## #?????????????????????????????? | | ?########## ##????????????????????????????? | | ?# ##???????????????????????????? | | ?# #???????????????????????????? | | ## #### #??????????????????????????? | | ! # # #??????????????????????????? | | #??????????????????????????? | +----------------------------------------------------+ Best States ------------- Heat Dissipation 25 Energy Generation 14 Energy Capacity 250 Matter Stores 300 Matter Capacity 300 Sight Range 16 Terrain Scan Density 10 Evasion (%) 40 Targeting Accuracy 5 Item Schematics ----------------- None Robot Schematics ------------------ None Fabricated ------------ Nothing Alien Tech Used ----------------- None Achievements -------------- None Challenges ------------ None Game ------ Seed ThrusterVisualNeutralizer Manual? 0 Play Time 00:13:56 Cumulative 103.7 hours Start 2021.03.28 @ 18:43:04 End 2021.03.28 @ 19:01:59 Sessions 1 Manual Loads 0 Difficulty Rogue Special Mode None Game No. 255 Rogue 102 Adventurer 148 Explorer 5 Win Type - Total 1 Types 1/0/0/0/0/0/0/0/0 Lore% 59 Gallery% 67 Achievement% 53 Wizard Run 0 Options --------- ASCII 0 Keyboard 0 Movement Arrows Keybinds 0 Fullscreen 1 Font 18/CogNarrow Map View 76x50 Tactical HUD 1 Map Filters NONE Filters NONE Steam 1 RUN: c0f07164-faf3-4f78-80dd-eb38b5628e9d